 Dungeon Crawl Stone Soup version 0.22-a0-445-g8c8ef71 (webtiles) character file.

329 emperorscorpion the Sneak (level 6, -6/42 HPs)
             Began as a Felid Berserker on June 3, 2018.
             Was a Believer of Trog.
             Killed from afar by an electric eel (9 damage)
             ... with a bolt of electricity
             ... on level 7 of the Dungeon.
             The game lasted 00:05:05 (1517 turns).

emperorscorpion the Sneak (Felid Berserker)         Turns: 1517, Time: 00:05:06

Health: -6/42      AC:  2    Str: 18    XL:     6   Next: 25%
Magic:  7/7        EV: 21    Int:  9    God:    Trog [**....]
Gold:   71         SH:  0    Dex: 15    Spells: 5/5 levels left
                                        Lives:  0   Deaths: 2

rFire    . . .     SeeInvis +     - Unarmed
rCold    . . .     Gourm    .   (shield unavailable)
rNeg     + . .     Faith    .   (armour unavailable)
rPois    .         Spirit   .   (helmet unavailable)
rElec    .         Reflect  .   (cloak unavailable)
rCorr    .         Harm     .   (gloves unavailable)
MR       +....                  (boots unavailable)
Stlth    ..........             (no amulet)
HPRegen  0.14/turn              j - ring of positive energy
MPRegen  0.10/turn              (no ring)

@: berserking, very quick
A: very small, no armour, no weapons or thrown items, stealth, claws 1, fangs 3,
see invisible, blink, carnivore, clumsy 1, speed 1, magic resistance 1, shaggy
fur 2, slow metabolism 1, sharp paws
a: Blink, Berserk, Trog's Hand, Renounce Religion


You were on level 7 of the Dungeon.
You worshipped Trog.
Trog was pleased with you.
You were not hungry.

You visited 1 branch of the dungeon, and saw 7 of its levels.

You collected 71 gold pieces.

Inventory:

Jewellery
 j - a ring of positive energy (left paw)
Wands
 f - a wand of iceblast (9)
Scrolls
 d - 2 scrolls of identify
 k - a scroll of teleportation
Potions
 c - a potion of might {unknown}
 e - a potion of brilliance {unknown}
 h - 2 potions of flight {unknown}
 l - a potion of resistance
Comestibles
 a - 2 rations
 g - 3 chunks of flesh


   Skills:
 + Level 4.1 Fighting
 + Level 5.9 Dodging
 * Level 6.6 Stealth
 + Level 6.3 Unarmed Combat


You had 5 spell levels left.
You didn't know any spells.
Your spell library was empty.

Dungeon Overview and Level Annotations

Branches:
Dungeon (7/15)
 Temple: D:4-7

Altars:

Shops:
D:7 =

Annotations:
D:7 1 transporter


Innate Abilities, Weirdness & Mutations

You cannot wear armour.
You are incapable of wielding weapons or throwing items.
Your paws allow you to move quietly. (Stealth)
You have sharp claws.
You have razor-sharp teeth.
You have supernaturally acute eyesight. (SInv)
You are carnivorous and can eat meat at any time.
You cover ground quickly.
You are covered in thick fur. (AC +2)
You have a slow metabolism.
Your sharp claws are effective at attacking unaware monsters.
You can translocate small distances at will.
You are clumsy. (Dex -2)
You are resistant to hostile enchantments. (MR+)


Message History

You feel extremely strange.
You feel resistant to hostile enchantments.
You feel clumsy.
You feel jittery.
Your surroundings seem slightly different.
The electric eel shoots out a bolt of lightning at you!
The bolt of electricity hits you!
The bolt of electricity hits the electric eel.
The electric eel completely resists.
A red film seems to cover your vision as you go berserk!
You feel yourself moving faster!
You feel mighty!
You feel a lot more hungry.
You feel a strong urge to attack something.
The electric eel shoots out a bolt of lightning at you!
The bolt of electricity hits you! x2
* * * LOW HITPOINT WARNING * * *
The bolt of electricity hits the electric eel.
The electric eel completely resists.
You closely miss the electric eel.
The electric eel shoots out a bolt of lightning at you!
The bolt of electricity hits you!
You die...

*,* ***>,,,,,,,,,,,,
*,#####......,,,,,,,,,
*,..............,,,≈≈,
*,,≈...≈.P...P≈≈,,≈≈≈≈
*###..≈.≈≈≈≈≈≈P≈≈≈≈,≈≈
*####≈≈≈≈≈≈≈≈;≈≈≈;≈≈≈≈≈≈≈
*≈≈≈≈≈≈≈≈≈≈≈≈≈≈≈≈≈≈≈≈≈≈≈≈
*#≈≈≈≈≈≈;≈≈≈≈≈≈≈≈.;,≈,,≈≈
*######@;≈≈≈≈..≈..,,,≈,,
#................,,,,,,
########.......a.*,,,,,
##########******


You could see 3 electric eels.

Vanquished Creatures
  4 water moccasins (D:7)
  A sky beast (D:5)
  A gnoll sergeant (D:7)
  A scorpion (D:4)
  A howler monkey (D:4)
  An iguana (D:4)
  Natasha (twice) (D:4)
  An ogre zombie (D:7)
  An orc zombie (D:7)
  An adder (D:6)
  A shadow imp (D:5)
  An ooze (D:2)
  2 dart slugs
  2 leopard geckos
  2 orcs
  A giant cockroach (D:2)
  3 hobgoblins
  A bat (D:2)
  A frilled lizard (D:3)
  2 goblins (D:1)
  A kobold (D:1)
  2 rats
33 creatures vanquished.

Notes
Turn   | Place    | Note
-------+----------+-------------------------------------------
     0 | D:1      | emperorscorpion the Felid Berserker began the quest for the Orb.
     0 | D:1      | Reached XP level 1. HP: 10/10 MP: 2/2
    77 | D:1      | Reached XP level 2. HP: 12/14 MP: 3/3
   180 | D:1      | Reached skill level 1 in Stealth
  1011 | D:4      | Noticed Natasha
  1022 | D:4      | Reached XP level 3. HP: 12/17 MP: 4/4
  1027 | D:4      | Killed Natasha
  1027 | D:4      | Reached XP level 4. HP: 15/21 MP: 5/5
  1238 | D:4      | Noticed Natasha
  1257 | D:4      | Reached skill level 5 in Dodging
  1257 | D:4      | Reached XP level 5. HP: 23/25 MP: 6/6
  1264 | D:4      | Killed Natasha
  1316 | D:5      | Entered Level 5 of the Dungeon
  1360 | D:5      | Noticed a sky beast
  1372 | D:5      | Killed a sky beast
  1372 | D:5      | Gained mutation: You are covered in thick fur. (AC +2) [Felid growth]
  1372 | D:5      | Reached XP level 6. HP: 28/28 MP: 7/7
  1461 | D:7      | Found Gucos's Jewellery Shoppe.
  1469 | D:7      | Reached skill level 5 in Unarmed Combat
  1469 | D:7      | Slain by a gnoll
  1470 | D:7      | Reached XP level 5. HP: -3/37 MP: 6/6
  1470 | D:7      | Found a transporter.
  1479 | D:7      | Found a transporter.
  1479 | D:7      | Noticed a water moccasin
  1479 | D:7      | Noticed a water moccasin
  1485 | D:7      | Noticed a water moccasin
  1486 | D:7      | Killed a water moccasin
  1486 | D:7      | Reached skill level 5 in Stealth
  1486 | D:7      | Reached XP level 6. HP: 28/28 MP: 7/7
  1487 | D:7      | Noticed a water moccasin
  1488 | D:7      | Killed a water moccasin
  1492 | D:7      | Killed a water moccasin
  1492 | D:7      | Reached XP level 7. HP: 27/32 MP: 8/8
  1497 | D:7      | Reached ** piety under Trog
  1497 | D:7      | HP: 2/48 [poisoned by a water moccasin]
  1499 | D:7      | Succumbed to a water moccasin's poison
  1500 | D:7      | Reached XP level 6. HP: 0/28 MP: 7/7
  1511 | D:7      | Gained mutation: You are resistant to hostile enchantments. (MR+) [potion of mutation]
  1511 | D:7      | Gained mutation: You are clumsy. (Dex -2) [potion of mutation]
  1511 | D:7      | Gained mutation: You can translocate small distances at will. [potion of mutation]
  1517 | D:7      | Killed from afar by an electric eel

Vault maps used:
D:1:      shiori_arrival_elements
D:3:      lemuel_crystal_altar
D:4:      lemuel_round_altar, uniq_natasha, uniq_blork_the_orc
D:5:      serial_shops, shop, first_ration
D:6:      old_standard_altar, kennysheep_mini, temple_statues
D:7:      gammafunk_cloud_chamber, bloody_makhleb, old_standard_altar,
          lemuel_zombie_altar_kikubaaqudgha, serial_shops, shop_fountains,
          chequers_big_river, nrook_uturn

Skill      XL: |  1  2  3  4  5  6 |
---------------+-------------------+-----
Stealth        | 2 3 5 6 |  6.6
Unarmed Combat | 4 6 |  6.3
Dodging        | 5 |  5.9
Fighting       | 4 |  4.1

Action                   |  1- 3 |  4- 6 |  7- 9 || total
-------------------------+-------+-------+-------++-------
Melee: Unarmed           |    49 |    50 |     5 ||   104
       Bite              |     5 |    11 |     2 ||    18
       Punch             |     1 |     1 |       ||     2
Invok: Berserk           |     1 |     6 |       ||     7
  Use: Scroll            |       |     3 |       ||     3
       Potion            |       |     1 |       ||     1
 Stab: Sleeping          |     3 |     2 |       ||     5
  Eat: Chunk             |     8 |     1 |       ||     9
Armor: Skin              |     1 |       |       ||     1
Dodge: Dodged            |    26 |    40 |     3 ||    69

Table legend:
 A = Spawn XP
 B = Non-spawn XP
 C = Spawn XP percentage of total XP
 D = Spawn monster count
 E = Non-spawn monster count
 F = Spawn count percentage of total count
 G = Total turns spent on level
                    A         B        C        D         E        F      G
               +---------+---------+-------+---------+---------+-------+---------
         Total |       0 |    1165 |   0.0 |       0 |      33 |   0.0 |  1517
               +---------+---------+-------+---------+---------+-------+---------
           D:1 |       0 |      16 |   0.0 |       0 |       8 |   0.0 |   211
           D:2 |       0 |      17 |   0.0 |       0 |       6 |   0.0 |   719
           D:3 |       0 |       1 |   0.0 |       0 |       1 |   0.0 |    35
           D:4 |       0 |     241 |   0.0 |       0 |       6 |   0.0 |   351
           D:5 |       0 |     148 |   0.0 |       0 |       3 |   0.0 |    70
           D:6 |       0 |      16 |   0.0 |       0 |       2 |   0.0 |    75
           D:7 |       0 |     726 |   0.0 |       0 |       7 |   0.0 |    56
               +---------+---------+-------+---------+---------+-------+---------
